 Dungeon Sprint DCSS version 0.24-a0-282-g1a68c911f0 (webtiles) character file.

Game seed: 16618246741758554915

5000000 Hercules1031 the Formicid Barricade (level 27, -7/249 HPs)
             Began as a Formicid Fighter on May 2, 2019.
             Was the Champion of Makhleb.
             Mangled by The Servant
             ... wielding a +9 glaive of flaming
              (21 damage)
             ... in the Dungeon (Sprint VIII: "Arena of Blood").
             The game lasted 00:03:46 (50 turns).

Hercules1031 the Formicid Barricade (FoFi)            Turns: 50, Time: 00:03:48

Health: -7/249     AC: 13    Str: 29    XL:     27
Magic:  27/54      EV: 26    Int: 11    God:    Makhleb [******]
Gold:   0          SH: 19    Dex: 12    Spells: 80/80 levels left

rFire    . . .     SeeInvis +   l - +∞ Axe of Woe
rCold    . . .     Gourm    .   c - +0 shield
rNeg     . . .     Faith    .   b - +0 scale mail
rPois    .         Spirit   .   (helmet unavailable)
rElec    .         Reflect  .   (no cloak)
rCorr    .         Harm     .   (no gloves)
MR       ++...                  (no boots)
Stlth    ++++++++..             (no amulet)
HPRegen  0.51/turn              (no ring)
MPRegen  0.34/turn              (no ring)

@: no status effects
A: permanent stasis, dig shafts and tunnels, four strong arms, antennae 3
a: Dig, Minor Destruction, Lesser Servant of Makhleb, Major Destruction, Greater
Servant of Makhleb, Renounce Religion


You were in the Dungeon.
You worshipped Makhleb.
Makhleb was exalted by your worship.
You were not hungry.

You visited 1 branch

Inventory:

Hand Weapons
 a - a +0 war axe
 l - the +∞ Axe of Woe (weapon)
   (You found it in the Dungeon)
Armour
 b - a +0 scale mail (worn)
 c - a +0 shield (worn)
Scrolls
 k - a scroll of blinking
Potions
 d - a potion of might
 e - a potion of curing
 g - a potion of heal wounds
 h - a potion of haste
 i - 2 potions of magic
 j - a potion of berserk rage
Comestibles
 f - a ration


   Skills:
 O Level 27 Fighting
 O Level 27 Axes
 O Level 27 Throwing
 O Level 27 Armour
 O Level 27 Dodging
 O Level 27 Stealth
 O Level 27 Shields
 O Level 27 Unarmed Combat
 O Level 27 Spellcasting
 O Level 27 Invocations


You had 80 spell levels left.
You didn't know any spells.
Your spell library was empty.

Dungeon Overview and Level Annotations

Branches:
Dungeon (1/1)

Altars:
Makhleb

Annotations:
D The Servant


Innate Abilities, Weirdness & Mutations

You cannot be hasted, slowed, berserked, paralysed or teleported.
You can dig through walls and to a lower floor.
Your four strong arms can wield two-handed weapons with a shield.
You have a pair of large antennae on your head. (SInv)


Message History

A sculptor of flesh comes into view. It is wielding a +9 great sword.
Some corpses begin to drag themselves along the ground!
Some corpses meld into an agglomeration of writhing flesh!
The destroyer blinks! 2 small abominations, a large abomination and 6 crawling corpses come into view.
Unknown command.
You slice the crawling corpse like a ripe choko!!!
You fatally mangle the crawling corpse.
You destroy the crawling corpse!
You slice the crawling corpse!!
You hew the crawling corpse savagely.
You destroy the crawling corpse!
You are engulfed in blazing flames.
A meat berserker comes into view. It is wielding a +9 battleaxe.
The destroyer blinks!
The tyrant mumbles some strange words.
The Servant is engulfed in blazing flames.
The Servant hits you from afar with a +9 glaive of flaming!!!!
* * * LOW HITPOINT WARNING * * *
The Servant burns you!!
You die...

......... #. .....#
........O #.......#
......oo. .###..
....###....O..z
......###.........OO..
......_..)x..z§LXX..
..#...))#V.○@x§X#.#o
#_.<.{#.°§X§OVX...
...#...{)#°V☼@§x#
......x.Xx.°☼§)§x....
......###))x§§§...#.#.
.###...%..z###...o...
{ #....%..# .o...o...
#.......# .........
{....O.... .........
....D.......#...#..
..........


You could see 2 tentacled monstrosities, a tyrant, The Servant, 3 destroyers, 3
sculptors of flesh, 2 large bags of meat, 4 large abominations, 4 meat
berserkers, 3 small abominations, 6 bags of meat and 4 crawling corpses.

Vanquished Creatures
  7 vampire knights (D)
  19 ogres (D)
  7 two-headed ogres (D)
  51 orcs (D)
  4 large abominations (D)
  2 small abominations (D)
  3 crawling corpses (D)
93 creatures vanquished.

Vanquished Creatures (others)
  A crawling corpse (D)
1 creature vanquished.

Grand Total: 94 creatures vanquished

Notes
Turn   | Place    | Note
-------+----------+-------------------------------------------
     0 | D        | Found the +∞ Axe of Woe
     0 | D        | Hercules1031 the Formicid Fighter began the quest for the
                  | Orb.
     0 | D        | Reached XP level 1. HP: 18/18 MP: 1/1
     1 | D        | Noticed a bag of meat
     1 | D        | Noticed a bag of meat
     1 | D        | Noticed a bag of meat
     4 | D        | Noticed a meat berserker
     4 | D        | Noticed a bag of meat
     4 | D        | Noticed a bag of meat
     5 | D        | Killed a bag of meat
     5 | D        | Reached skill level 15 in Shields
     5 | D        | Reached XP level 2. HP: 43/43 MP: 2/2
     5 | D        | Reached XP level 3. HP: 49/49 MP: 3/3
     5 | D        | Reached XP level 4. HP: 56/56 MP: 4/4
     5 | D        | Reached XP level 5. HP: 62/62 MP: 5/5
     5 | D        | Reached XP level 6. HP: 69/69 MP: 6/6
     5 | D        | Reached XP level 7. HP: 75/75 MP: 7/7
     5 | D        | Reached XP level 8. HP: 82/82 MP: 8/8
     5 | D        | Reached XP level 9. HP: 88/88 MP: 9/9
     5 | D        | Reached XP level 10. HP: 95/95 MP: 10/10
     5 | D        | Reached XP level 11. HP: 101/101 MP: 11/11
     5 | D        | Reached XP level 12. HP: 108/108 MP: 12/12
     5 | D        | Noticed a bag of meat
     5 | D        | Noticed a bag of meat
     6 | D        | Noticed a bag of meat
     6 | D        | Noticed a bag of meat
     7 | D        | Noticed a bag of meat
     8 | D        | Became a worshipper of Makhleb the Destroyer
     8 | D        | Noticed a bag of meat
     9 | D        | Killed a bag of meat
     9 | D        | Reached skill level 15 in Axes
     9 | D        | Reached XP level 13. HP: 40/119 MP: 13/13
     9 | D        | Killed a meat berserker
     9 | D        | Reached * piety under Makhleb
     9 | D        | Reached XP level 14. HP: 44/133 MP: 14/14
     9 | D        | Reached XP level 15. HP: 46/139 MP: 15/15
    10 | D        | Reached XP level 16. HP: 46/150 MP: 16/16
    10 | D        | Reached ** piety under Makhleb
    10 | D        | Noticed a meat berserker
    11 | D        | Reached XP level 17. HP: 158/163 MP: 17/17
    12 | D        | Reached *** piety under Makhleb
    12 | D        | Reached XP level 18. HP: 175/175 MP: 18/18
    12 | D        | Noticed a meat berserker
    13 | D        | Noticed a meat berserker
    13 | D        | Noticed a meat berserker
    15 | D        | Noticed a meat berserker
    16 | D        | Killed a meat berserker
    16 | D        | Reached skill level 27 in Shields
    16 | D        | Killed a meat berserker
    16 | D        | Reached **** piety under Makhleb
    16 | D        | Reached skill level 27 in Fighting
    16 | D        | Reached skill level 27 in Armour
    16 | D        | Reached XP level 19. HP: 145/189 MP: 19/19
    16 | D        | Noticed a meat berserker
    18 | D        | Reached skill level 27 in Axes
    18 | D        | Killed a meat berserker
    18 | D        | Reached skill level 27 in Dodging
    18 | D        | Reached XP level 20. HP: 197/197 MP: 19/33
    19 | D        | Noticed a large bag of meat
    19 | D        | Noticed a large bag of meat
    20 | D        | Killed a meat berserker
    20 | D        | Reached ***** piety under Makhleb
    20 | D        | Reached skill level 15 in Invocations
    21 | D        | Killed a meat berserker
    21 | D        | Reached skill level 15 in Throwing
    21 | D        | Reached skill level 15 in Unarmed Combat
    21 | D        | Reached skill level 15 in Spellcasting
    21 | D        | Reached XP level 21. HP: 204/204 MP: 19/40
    22 | D        | Noticed a meat berserker
    22 | D        | Noticed a meat berserker
    23 | D        | Noticed a meat berserker
    23 | D        | Killed a meat berserker
    23 | D        | Reached XP level 22. HP: 212/212 MP: 20/45
    24 | D        | Killed a large bag of meat
    25 | D        | Noticed a meat berserker
    26 | D        | Noticed a meat berserker
    26 | D        | Noticed a destroyer
    27 | D        | Killed a meat berserker
    27 | D        | Reached skill level 27 in Stealth
    27 | D        | Reached XP level 23. HP: 212/219 MP: 21/49
    27 | D        | Reached skill level 27 in Invocations
    27 | D        | Noticed a large bag of meat
    28 | D        | Noticed The Servant
    28 | D        | Killed a large bag of meat
    28 | D        | Reached ****** piety under Makhleb
    28 | D        | Reached skill level 27 in Throwing
    28 | D        | Reached skill level 27 in Unarmed Combat
    28 | D        | Reached skill level 27 in Spellcasting
    28 | D        | Reached XP level 24. HP: 227/227 MP: 21/54
    28 | D        | Noticed a destroyer
    29 | D        | Noticed a destroyer
    29 | D        | Noticed a destroyer
    30 | D        | Killed a destroyer
    30 | D        | Reached XP level 25. HP: 234/234 MP: 21/54
    30 | D        | Killed a destroyer
    30 | D        | Noticed a large bag of meat
    32 | D        | Killed a destroyer
    32 | D        | Reached XP level 26. HP: 211/242 MP: 22/54
    32 | D        | Noticed a large bag of meat
    32 | D        | Noticed a destroyer
    33 | D        | Reached XP level 27. HP: 249/249 MP: 22/54
    33 | D        | Noticed a large bag of meat
    36 | D        | Noticed a destroyer
    38 | D        | Noticed a large bag of meat
    39 | D        | Killed a large bag of meat
    39 | D        | Noticed a destroyer
    40 | D        | Killed a large bag of meat
    40 | D        | Killed a destroyer
    41 | D        | Killed a large bag of meat
    41 | D        | Noticed a destroyer
    41 | D        | Noticed a destroyer
    42 | D        | Killed a destroyer
    42 | D        | Noticed a destroyer
    44 | D        | Killed a large bag of meat
    47 | D        | Killed a destroyer
    47 | D        | Killed a destroyer
    47 | D        | Killed a large bag of meat
    47 | D        | Noticed a large bag of meat
    48 | D        | Noticed a tyrant
    49 | D        | Noticed a large bag of meat
    50 | D        | Mangled by The Servant

Levels and vault maps discovered:
D:        meatsprint

Skill      XL: |  1  2  3  4  5  6  7  8  9 10 11 12 13 14 15 16 17 18 19 20 21 22 23 |
---------------+----------------------------------------------------------------------+-----
Fighting       | 14 16 19 20 23 24 27 | 27.0
Axes           | 13 15 17 19 21 22 26 27 | 27.0
Armour         | 14 16 19 20 23 24 27 | 27.0
Dodging        | 12 14 16 17 20 21 24 27 | 27.0
Shields        | 15 17 20 22 24 26 27 | 27.0
Throwing       | 9 15 19 22 27 | 27.0
Stealth        | 12 19 23 27 | 27.0
Unarmed Combat | 9 15 19 22 27 | 27.0
Spellcasting   | 9 15 19 22 27 | 27.0
Invocations    | 11 18 22 26 27 | 27.0

Action                   |  1- 3 |  4- 6 |  7- 9 | 10-12 | 13-15 | 16-18 | 19-21 | 22-24 | 25-27 || total
-------------------------+-------+-------+-------+-------+-------+-------+-------+-------+-------++-------
Melee: Executioner's axe |     1 |       |       |     1 |     1 |     4 |     4 |     4 |    18 ||    33
Dodge: Dodged            |       |       |       |       |       |       |       |       |     2 ||     2
Block: Shield            |       |       |       |     2 |     1 |       |     1 |       |     1 ||     5

Table legend:
 A = Non-vault XP
 B = Vault XP
 C = Vault XP percentage of total XP
 D = Non-vault monster count
 E = Vault monster count
 F = Vault count percentage of total count
                 A         B        C        D         E       F
            +---------+---------+-------+---------+---------+-------
      Total | 1174917 | 1102211 |  48.4 |      40 |      50 |  55.6
            +---------+---------+-------+---------+---------+-------
          D | 1174917 | 1102211 |  48.4 |      40 |      50 |  55.6
            +---------+---------+-------+---------+---------+-------
